SA
HOGSMEADE CAULDRONS @ CONNETQUOT CHIEFS
06/30/2025
 
TOP OF THE 1ST
Hogsmeade Cauldrons batting - Pitching for Connetquot Chiefs : RHP Santos Guzowski
Pitching: RHP Santos Guzowski
Batting: RHB Robinson Barquero 0-0: Called Strike
0-1: Called Strike
0-2: Foul Ball, location: 2F
0-2: Foul Ball, location: 2F
0-2: Strikes out swinging
Batting: RHB Jorge Gómez 0-0: Called Strike
0-1: Foul Ball, location: 2F
0-2: Ball
1-2: Strikes out swinging
Batting: LHB Ignacio Medine 0-0: Fly out, F9 (Flyball, 9)
Top of the 1st over - 0 run(s), 0 hit(s), 0 error(s), 0 left on base; Hogsmeade 0 - Connetquot 0
BOTTOM OF THE 1ST
Connetquot Chiefs batting - Pitching for Hogsmeade Cauldrons : LHP Bradley Roth
Pitching: LHP Bradley Roth
Batting: RHB Serafino Miceli 0-0: Called Strike
0-1: Foul Ball, location: 2F
0-2: Ball
1-2: SINGLE (Groundball, 56D)
Batting: RHB Pablo Ledesma 0-0: Ball
1-0: Called Strike
Serafino Miceli steals 2nd base
1-1: Ball
2-1: Ball
3-1: Ground out 4-3 (Groundball, 4)
Serafino Miceli to third
Batting: RHB Jesús Quintana 0-0: Ground out 4-3 (Groundball, 4)
Serafino Miceli scores
Batting: RHB Mario Rivera 0-0: Called Strike
0-1: Ball
1-1: Ball
2-1: Ball
3-1: Foul Ball, location: 2F
3-2: Foul Ball, location: 2F
3-2: Ground out 5-3 (Groundball, 5)
Bottom of the 1st over - 1 run(s), 1 hit(s), 0 error(s), 0 left on base; Hogsmeade 0 - Connetquot 1
TOP OF THE 2ND
Hogsmeade Cauldrons batting - Pitching for Connetquot Chiefs : RHP Santos Guzowski
Batting: RHB Héctor Casas 0-0: Ground out 5-3 (Groundball, 5)
Batting: LHB Austin Hathaway 0-0: Swinging Strike
0-1: Ball
1-1: Foul Ball, location: 2F
1-2: Strikes out looking
Batting: LHB Cris Gonzáles 0-0: Ball
1-0: Called Strike
1-1: Foul Ball, location: 2F
1-2: Ball
2-2: Strikes out swinging
Top of the 2nd over - 0 run(s), 0 hit(s), 0 error(s), 0 left on base; Hogsmeade 0 - Connetquot 1
BOTTOM OF THE 2ND
Connetquot Chiefs batting - Pitching for Hogsmeade Cauldrons : LHP Bradley Roth
Batting: RHB Sang Hong-Do 0-0: Ball
1-0: Ball
2-0: Called Strike
2-1: Swinging Strike
2-2: Strikes out swinging
Batting: RHB Geoffrey Broekhuizen 0-0: Foul Ball, location: 2F
0-1: Ball
1-1: Ball
2-1: Ball
3-1: Called Strike
3-2: Foul Ball, location: 2F
3-2: Foul Ball, location: 2F
3-2: Fly out, F7 (Flyball, 7D)
Batting: RHB Dale Quick 0-0: Called Strike
0-1: Ball
1-1: Swinging Strike
1-2: Fly out, F7 (Flyball, 78S)
Bottom of the 2nd over - 0 run(s), 0 hit(s), 0 error(s), 0 left on base; Hogsmeade 0 - Connetquot 1
TOP OF THE 3RD
Hogsmeade Cauldrons batting - Pitching for Connetquot Chiefs : RHP Santos Guzowski
Batting: LHB Tyler Knopp 0-0: Called Strike
0-1: Ball
1-1: Swinging Strike
1-2: Ball
2-2: Ball
3-2: Base on Balls
Batting: RHB Jim Unknown 0-0: Ball
1-0: Called Strike
1-1: Ball
2-1: Swinging Strike
2-2: Strikes out swinging
Batting: RHB Jorge Ramos 0-0: Called Strike
0-1: Foul Ball, location: 2F
0-2: Foul Ball, location: 2F
0-2: Ball
1-2: Ball
2-2: Foul Ball, location: 2F
2-2: Foul Ball, location: 2F
2-2: Strikes out swinging
Batting: RHB Robinson Barquero 0-0: Ball
1-0: Foul Ball, location: 2F
1-1: Swinging Strike
1-2: Fly out, F9 (Flyball, 9LSF)
Top of the 3rd over - 0 run(s), 0 hit(s), 0 error(s), 1 left on base; Hogsmeade 0 - Connetquot 1
BOTTOM OF THE 3RD
Connetquot Chiefs batting - Pitching for Hogsmeade Cauldrons : LHP Bradley Roth
Batting: LHB Steve Sconiers 0-0: Ball
1-0: Ball
2-0: Foul Ball, location: 2F
2-1: Foul Ball, location: 2F
2-2: SINGLE (Line Drive, 8LS)
Batting: RHB Otis Brewer 0-0: Foul Ball, location: 2F
0-1: Ball
1-1: Foul Ball, location: 2F
1-2: SINGLE (Groundball, 56D)
Steve Sconiers to second
Batting: RHB Serafino Miceli 0-0: Ball
1-0: Ball
2-0: Called Strike
2-1: Fly out, F8 (Flyball, 8LM)
Batting: RHB Pablo Ledesma 0-0: Called Strike
0-1: Ball
1-1: SINGLE (Flyball, 8RS)
Steve Sconiers to third
Otis Brewer to second
Runner from 3rd tries for Home, SAFE, no throw
Batting: RHB Jesús Quintana 0-0: Called Strike
0-1: Fly out, F3 (Popup, 3L)
Batting: RHB Mario Rivera 0-0: Ball
1-0: Called Strike
1-1: SINGLE (Line Drive, 8RS)
Otis Brewer to third
Pablo Ledesma to second
Batting: RHB Sang Hong-Do 0-0: Fly out, F4 (Flyball, 34D)
Bottom of the 3rd over - 1 run(s), 4 hit(s), 0 error(s), 3 left on base; Hogsmeade 0 - Connetquot 2
TOP OF THE 4TH
Hogsmeade Cauldrons batting - Pitching for Connetquot Chiefs : RHP Santos Guzowski
Batting: RHB Jorge Gómez 0-0: Bunt missed!
0-1: Ball
1-1: Ball
2-1: Called Strike
2-2: Strikes out swinging, 2-3 out at first.
Batting: LHB Ignacio Medine 0-0: Called Strike
0-1: Foul Ball, location: 2F
0-2: Ball
1-2: Ground out 4-3 (Groundball, 4)
Batting: RHB Héctor Casas 0-0: Called Strike
0-1: Ball
1-1: Ball
2-1: Foul Ball, location: 2F
2-2: Strikes out swinging
Top of the 4th over - 0 run(s), 0 hit(s), 0 error(s), 0 left on base; Hogsmeade 0 - Connetquot 2
BOTTOM OF THE 4TH
Connetquot Chiefs batting - Pitching for Hogsmeade Cauldrons : LHP Bradley Roth
Batting: RHB Geoffrey Broekhuizen 0-0: Ball
1-0: Foul Ball, location: 2F
1-1: Ball
2-1: SINGLE (Line Drive, 8LS)
Batting: RHB Dale Quick 0-0: Grounds into double play, 5-4-3 (Groundball, 56)
Batting: LHB Steve Sconiers 0-0: Ball
1-0: Ball
2-0: Foul Ball, location: 2F
2-1: Called Strike
2-2: Foul Ball, location: 2F
2-2: Foul Ball, location: 2F
2-2: Foul Ball, location: 2F
2-2: Strikes out swinging
Bottom of the 4th over - 0 run(s), 1 hit(s), 0 error(s), 0 left on base; Hogsmeade 0 - Connetquot 2
TOP OF THE 5TH
Hogsmeade Cauldrons batting - Pitching for Connetquot Chiefs : RHP Santos Guzowski
Batting: LHB Austin Hathaway 0-0: Ball
1-0: Ball
2-0: Foul Ball, location: 2F
2-1: Fly out, F3 (Popup, 34)
Batting: LHB Cris Gonzáles 0-0: Called Strike
0-1: Foul Ball, location: 2F
0-2: Ball
1-2: Ball
2-2: SINGLE (Flyball, 78S)
Batting: LHB Tyler Knopp 0-0: Ball
Cris Gonzáles steals 2nd base
1-0: Ball
2-0: Foul Ball, location: 2F
2-1: Swinging Strike
2-2: Foul Ball, location: 2F
2-2: Strikes out looking
Batting: RHB Jim Unknown 0-0: Ground out 6-3 (Groundball, 56)
Top of the 5th over - 0 run(s), 1 hit(s), 0 error(s), 1 left on base; Hogsmeade 0 - Connetquot 2
BOTTOM OF THE 5TH
Connetquot Chiefs batting - Pitching for Hogsmeade Cauldrons : LHP Bradley Roth
Batting: RHB Otis Brewer 0-0: Foul Ball, location: 2F
0-1: Ball
1-1: Foul Ball, location: 2F
1-2: Fly out, F7 (Flyball, 7LS)
Batting: RHB Serafino Miceli 0-0: Hit by Pitch
Batting: RHB Pablo Ledesma 0-0: Ball
1-0: Grounds into double play, 6-4-3 (Groundball, 6M)
Bottom of the 5th over - 0 run(s), 0 hit(s), 0 error(s), 0 left on base; Hogsmeade 0 - Connetquot 2
TOP OF THE 6TH
Hogsmeade Cauldrons batting - Pitching for Connetquot Chiefs : RHP Santos Guzowski
Batting: RHB Jorge Ramos 0-0: Ball
1-0: Swinging Strike
1-1: Ball
2-1: Ball
3-1: Foul Ball, location: 2F
3-2: Strikes out swinging
Batting: RHB Robinson Barquero 0-0: Foul Ball, location: 2F
0-1: Ground out 6-3 (Groundball, 6)
Batting: RHB Jorge Gómez 0-0: Ball
1-0: Ball
2-0: Ball
3-0: Ground out 1-3 (Groundball, 13S)
Top of the 6th over - 0 run(s), 0 hit(s), 0 error(s), 0 left on base; Hogsmeade 0 - Connetquot 2
BOTTOM OF THE 6TH
Connetquot Chiefs batting - Pitching for Hogsmeade Cauldrons : LHP Bradley Roth
Batting: RHB Jesús Quintana 0-0: Called Strike
0-1: Ball
1-1: SINGLE (Line Drive, 6MD)
Batting: RHB Mario Rivera 0-0: Ball
Jesús Quintana is caught stealing 2nd base
1-0: Ball
2-0: Foul Ball, location: 2F
2-1: Foul Ball, location: 2F
2-2: Reached on error, E6 (Groundball, 6)
Batting: RHB Sang Hong-Do 0-0: Swinging Strike
0-1: Ball
1-1: Called Strike
Mario Rivera is caught stealing 2nd base
1-2: Foul Ball, location: 2F
1-2: Ball
2-2: Ball
3-2: Base on Balls
Batting: RHB Geoffrey Broekhuizen 0-0: Ball
1-0: Ball
2-0: Fly out, F7 (Flyball, 78S)
Bottom of the 6th over - 0 run(s), 1 hit(s), 1 error(s), 1 left on base; Hogsmeade 0 - Connetquot 2
TOP OF THE 7TH
Hogsmeade Cauldrons batting - Pitching for Connetquot Chiefs : RHP Santos Guzowski
Batting: LHB Ignacio Medine 0-0: Foul Ball, location: 2F
0-1: Foul Ball, location: 2F
0-2: Fly out, F7 (Flyball, 78M)
Batting: RHB Héctor Casas 0-0: Foul Ball, location: 2F
0-1: Foul Ball, location: 2F
0-2: Foul Ball, location: 2F
0-2: Fly out, F8 (Flyball, 8LM)
Batting: LHB Austin Hathaway 0-0: Called Strike
0-1: Foul Ball, location: 2F
0-2: Ball
1-2: Ground out U3 (Groundball, 3)
Top of the 7th over - 0 run(s), 0 hit(s), 0 error(s), 0 left on base; Hogsmeade 0 - Connetquot 2
BOTTOM OF THE 7TH
Connetquot Chiefs batting - Pitching for Hogsmeade Cauldrons : LHP Bradley Roth
Batting: RHB Dale Quick 0-0: Foul Ball, location: 2F
0-1: Ball
1-1: Ball
2-1: Swinging Strike
2-2: Strikes out swinging
Batting: LHB Steve Sconiers 0-0: Ground out U3 (Groundball, 34)
Batting: RHB Otis Brewer 0-0: Ball
1-0: Called Strike
1-1: Ball
2-1: Ground out 6-3 (Groundball, 6)
Bottom of the 7th over - 0 run(s), 0 hit(s), 0 error(s), 0 left on base; Hogsmeade 0 - Connetquot 2
TOP OF THE 8TH
Hogsmeade Cauldrons batting - Pitching for Connetquot Chiefs : RHP Santos Guzowski
Batting: LHB Cris Gonzáles 0-0: Foul Ball, location: 2F
0-1: Ground out 6-3 (Groundball, 6)
Batting: LHB Tyler Knopp 0-0: Ball
1-0: Foul Ball, location: 2F
1-1: Ball
2-1: Ball
3-1: Base on Balls
Batting: RHB Jim Unknown 0-0: Ball
1-0: Foul Ball, location: 2F
1-1: Foul Ball, location: 2F
1-2: Foul Ball, location: 2F
1-2: Ball
2-2: Ball
3-2: Base on Balls
Tyler Knopp to second
Pinch Hitting: LHB Jim Unknown 0-0: Ball
1-0: Called Strike
1-1: Foul Ball, location: 2F
1-2: Strikes out swinging
Pitching: LHP Mario Hurrado
Pinch Hitting: RHB Alfred Walczak 0-0: Foul Ball, location: 2F
Balk!
Tyler Knopp to third
Jim Unknown to second
0-1: Ball
1-1: Ball
2-1: Ball
3-1: Foul Ball, location: 2F
3-2: Base on Balls
Pitching: RHP Robinson Luján
Batting: RHB Jorge Gómez 0-0: Ball
1-0: Called Strike
1-1: Fielders Choice at 2nd, 4-6 (Groundball, 4)
Top of the 8th over - 0 run(s), 0 hit(s), 0 error(s), 2 left on base; Hogsmeade 0 - Connetquot 2
BOTTOM OF THE 8TH
Connetquot Chiefs batting - Pitching for Hogsmeade Cauldrons : LHP Bradley Roth
Now at 2B: Jim Unknown
Now in CF: Cody Skillings
Batting: RHB Serafino Miceli 0-0: Ground out 5-3 (Groundball, 56S)
Batting: RHB Pablo Ledesma 0-0: Called Strike
0-1: Fly out, F7 (Flyball, 7D)
Batting: RHB Jesús Quintana 0-0: Ball
1-0: Foul Ball, location: 2F
1-1: Called Strike
1-2: Ball
2-2: Ground out 3-1 (Groundball, 34)
Bottom of the 8th over - 0 run(s), 0 hit(s), 0 error(s), 0 left on base; Hogsmeade 0 - Connetquot 2
TOP OF THE 9TH
Hogsmeade Cauldrons batting - Pitching for Connetquot Chiefs : RHP Robinson Luján
Pitching: RHP Carlos Rosales
Batting: LHB Ignacio Medine 0-0: Called Strike
0-1: Ball
1-1: Called Strike
1-2: Ball
2-2: Strikes out swinging
Batting: RHB Héctor Casas 0-0: Ball
1-0: Fly out, F6 (Popup, 5D)
Batting: LHB Austin Hathaway 0-0: Called Strike
0-1: Foul Ball, location: 2F
0-2: Strikes out swinging
Top of the 9th over - 0 run(s), 0 hit(s), 0 error(s), 0 left on base; Hogsmeade 0 - Connetquot 2
Friday, December 30th, 2016 - OOTP Baseball 17.12 Build 75